 Dungeon Crawl Stone Soup version 0.29-a0-88-g03a7b78be7 (webtiles) character file.

Game seed: 15965103181550180601

23 lordive the Sneak (level 2, -1/13 HPs)
             Began as a Spriggan Enchanter on Feb 6, 2022.
             Slain by a gnoll (7 damage)
             ... on level 2 of the Dungeon.
             The game lasted 00:02:26 (1871 turns).

lordive the Sneak (Spriggan Enchanter)              Turns: 1871, Time: 00:02:28

Health: -1/13      AC:  2    Str:  4    XL:     2   Next: 75%
Magic:  3/7        EV: 17    Int: 16    God:
Gold:   34         SH:  0    Dex: 15    Spells: 5/7 levels left

rFire   . . .      SeeInvis +   a - +1 dagger
rCold   . . .      Faith    .   (no shield)
rNeg    . . .      Spirit   .   b - +0 robe
rPois   .          Reflect  .   (helmet restricted)
rElec   .          Harm     .   (no cloak)
rCorr   .          Rampage  .   (gloves unavailable)
Will    .....                   (boots unavailable)
Stlth   +++.......              (no amulet)
HPRegen 0.04/turn               (no ring)
MPRegen 0.10/turn               (no ring)

@: very quick
A: very small, no large weapons, unfitting armour, see invisible, speed 3
a: no special abilities


You were on level 2 of the Dungeon.
You visited 1 branch of the dungeon, and saw 2 of its levels.

You collected 34 gold pieces.

Inventory:

Hand Weapons
 a - a +1 dagger (weapon)
Armour
 b - a +0 robe (worn)
Scrolls
 d - a scroll of enchant weapon {unknown}
 f - a scroll of magic mapping {unknown}
 g - a scroll of enchant armour {unknown}
Potions
 c - a potion of invisibility
 e - a potion of lignification {unknown}


   Skills:
 + Level 1.1 Short Blades
 + Level 2.8 Dodging
 + Level 5.4 Stealth
 + Level 3.0 Spellcasting
 + Level 3.9 Hexes


You had 5 spell levels left.
You knew the following spells:

 Your Spells              Type           Power      Damage    Failure   Level
a - Ensorcelled Hibernat  Hex/Ice        16%        N/A       13%         2

Your spell library contained the following spells:

 Spells                   Type           Power      Damage    Failure   Level
 Confusing Touch          Hex            15%        N/A       11%         3
 Tukima's Dance           Hex            15%        N/A       11%         3
 Dazzling Flash           Conj/Hex       16%        N/A       26%         3


Dungeon Overview and Level Annotations

Branches:
Dungeon (2/15)

Altars:


Innate Abilities, Weirdness & Mutations

You are very small and have problems with some larger weapons.
You are too small for most types of armour.
You have supernaturally acute eyesight. (SInv)
You cover ground extremely quickly. (Speed+++)


Message History

Unknown command.
The giant cockroach looks drowsy...
The helpless giant cockroach fails to defend itself.
You impale the giant cockroach!!
You kill the giant cockroach!
The ball python barely misses you. The ball python closely misses you.
You hit the ball python.
You kill the ball python!
You see here a ball python corpse.
You miss the frilled lizard. The frilled lizard closely misses you.
You closely miss the frilled lizard. The frilled lizard barely misses you.
You hit the frilled lizard.
You kill the frilled lizard!
HP restored.
You see here a ball python corpse. 2 endoplasms and a gnoll come into view.
Found a spear and a helmet.
The endoplasm moves out of view.
There are monsters nearby!
There are monsters nearby! 2 gnolls come into view.
A gnoll is wielding a +2 flail of protection.
Found an amethyst potion.
The gnoll shouts!
A rat comes into view.
The gnoll hits you with a +0 club.
The gnoll shouts!
The endoplasm quivers.
The gnoll resists with some effort.
The gnoll hits you with a +0 club.
You are too injured to fight recklessly!
Casting: Ensorcelled Hibernation (safe; 13% risk of failure)
Confirm with . or Enter, or press ? or * to list all spells.
Aiming: Ensorcelled Hibernation (safe; 13% risk of failure)
Press: ? - help, Shift-Dir - straight line, f/p - gnoll
Aim: a gnoll, wielding a +0 club (chance to affect: 50%)
The gnoll looks drowsy...
The gnoll shouts!
The gnoll hits you with a +0 club!
Ouch! That really hurt!
You die...

...........#
####.##
........... #..#
.....!....# ##.#
....[.....# #.#
.....Jr...# #.#
.....)....# #.#
..........# # #.#
######..r######
#.##.##
###.gg@..###.....#
######.†.####..###
###...##....##
###†##.##..#
#.##.###.#
#..#.###.##
#######.#....†.#
........####.#.#
#######....##.###


You could see 2 gnolls and a rat.

Vanquished Creatures
  3 bats
  2 endoplasms
  2 giant cockroaches (D:2)
  2 hobgoblins (D:2)
  2 ball pythons
  3 frilled lizards
  4 goblins
  2 kobolds
  3 rats (D:1)
23 creatures vanquished.

Notes
Turn   | Place    | Note
-------+----------+-------------------------------------------
     0 | D:1      | lordive the Spriggan Enchanter began the quest for the Orb.
     0 | D:1      | Reached XP level 1. HP: 9/9 MP: 5/5
   237 | D:1      | You fall into a shaft and drop 1 floor!
   873 | D:1      | Reached XP level 2. HP: 10/13 MP: 7/7
   876 | D:1      | Learned a level 2 spell: Ensorcelled Hibernation
  1496 | D:2      | Reached skill level 5 in Stealth
  1871 | D:2      | Slain by a gnoll

Illustrated notes

Levels and vault maps discovered:
D:1:      lightli_arrival_boilingwater, layout_basic
D:2:      layout_rooms, minmay_strange_pillars, minmay_misc_feat_tower

Skill      XL: |  1  2 |
---------------+-------+-----
Spellcasting   | 3 |  3.0
Stealth        | 5 |  5.4
Short Blades   | |  1.1
Dodging        | |  2.8
Hexes          | |  3.9

Action                   || total
-------------------------++-------
Melee: Dagger            ||    47
       Punch             ||     1
 Cast: Ensorcelled Hiber ||    12
 Stab: Sleeping          ||    15
Armor: Robe              ||     2
Dodge: Dodged            ||    31

Table legend: (Time is in decaauts)
 A = Elapsed time spent in this place.
 B = Non-inter-level travel time spent in this place.
 C = Inter-level travel time spent in this place.
 D = Time resting spent in this place.
 E = Time spent auto-exploring this place.
 F = Levels seen in this place.
 G = Mean time per level.
                   A        B        C        D        E       F      G
               +--------+--------+--------+--------+--------+-----+--------+
         Total |   1458 |   1433 |     25 |      0 |   1218 |   2 |  729.0 |
       Dungeon |   1458 |   1433 |     25 |      0 |   1218 |   2 |  729.0 |
               +--------+--------+--------+--------+--------+-----+--------+

Top non-repeatable levels by time:
     D:1: 1051 daAuts
     D:2: 407 daAuts
